 Dungeon Crawl Stone Soup version 0.19-b1-3-g7dea586 (webtiles) character file.

86 lorenzova the Bolt Thrower (level 4, 0/49 HPs)
             Began as a Formicid Hunter on Oct 29, 2016.
             Succumbed to an adder's poison
             ... on level 3 of the Dungeon.
             The game lasted 00:05:13 (974 turns).

lorenzova the Bolt Thrower (Formicid Hunter)         Turns: 974, Time: 00:05:14

Health: 0/49       AC: 22    Str: 22    XL:     4   Next: 78%
Magic:  4/4        EV:  2    Int: 10    God:
Gold:   92         SH:  8    Dex: 17    Spells: 0 memorised, 3 levels left

rFire  . . .     SeeInvis .     b - +0 short sword
rCold  . . .     Gourm    .     (armour currently unavailable)
rNeg   + + +     Faith    .     q - +0 shield
rPois  +         Spirit   .     (helmet unavailable)
rElec  .         Reflect  .     (cloak currently unavailable)
rCorr  .         Harm     .     (gloves currently unavailable)
MR     .....                    (boots currently unavailable)
Stlth  +++.......               (no amulet)
                                (no ring)
                                (no ring)

@: mighty, agile, lethally poisoned (0 -> -4), tree-form
A: permanent stasis, dig shafts and tunnels, four strong arms, (antennae 0)
a: no special abilities


You were on level 3 of the Dungeon.
You were not hungry.
You were a tree.
You visited 1 branch of the dungeon, and saw 3 of its levels.

You collected 92 gold pieces.

Inventory:

Hand Weapons
 a - a +1 hand crossbow
 b - a +0 short sword (weapon)
Missiles
 d - 12 bolts
Armour
 c - a +0 leather armour (melded)
 q - a +0 shield (worn)
Scrolls
 m - a scroll of enchant weapon {unknown}
 n - 2 scrolls of remove curse {unknown}
 o - a scroll of teleportation {unknown}
 p - a scroll of identify {unknown}
 r - a scroll of enchant armour {unknown}
Comestibles
 f - a bread ration
 h - a beef jerky


   Skills:
 - Level 2.1 Fighting
 + Level 4.6 Crossbows
 + Level 2.5 Armour
 - Level 1.7 Dodging
 + Level 3.0 Stealth


You had 3 spell levels left.
You didn't know any spells.

Dungeon Overview and Level Annotations

Branches:
Dungeon (2/15)

Altars:
Vehumet


Innate Abilities, Weirdness & Mutations

You are under a permanent stasis effect.
You can dig through walls and to a lower floor.
Your four strong arms can wield two-handed weapons with a shield.
((You have a pair of large antennae on your head. (SInv)))


Message History

* * * LOW HITPOINT WARNING * * *
The adder closely misses you.
It was a potion of lignification.
You turn into a tree.
Your +0 leather armour melds into your body.
Your roots penetrate the ground.
The adder bites you but does no damage.
It was a potion of berserk rage.
You cannot go berserk while under stasis.
* * * LOW HITPOINT WARNING * * *
You feel sick. The adder bites you but does no damage.
It was a potion of agility.
You feel agile all of a sudden.
* * * LOW HITPOINT WARNING * * *
You feel sick.
The adder bites you but does no damage. x2
As you read the scroll labeled JUP FOEPHAUBRA, it crumbles to dust.
The creatures around you are filled with an inner flame!
It was a scroll of immolation.
The adder bites you but does no damage.
As you read the scroll labeled NIGGOT SOWA, it crumbles to dust.
It is a scroll of amnesia.
You feel forgetful for a moment.
You die...

#..##..................
###†.#.......##...###.### #
#............##...###.###.##
#.#.........................
###.#...###....#....)....#.#
.......## ##.>.#.##.###†.#
###....# #...#)##.# #..#
#..### ###...##.# #..#
...##{ {{ ##.♣##.# #..# ##.#
{ {{#.S##.. .... ..# { {{{ {
#..##.. ..... #.. #...##.#
#.##. #. ...#.# #.# .#
#...... #..##.... ...# ###.#
..## #.


You could see an adder (inner flame).

Vanquished Creatures
  Ijyb (D:3)
  2 adders
  A worm (D:2)
  A leopard gecko (D:3)
  2 giant cockroaches
  3 goblins (D:1)
  6 hobgoblins
  9 kobolds
  3 bats
  3 frilled lizards
  10 rats
41 creatures vanquished.

Notes
Turn   | Place    | Note
-------+----------+-------------------------------------------
     0 | D:1      | lorenzova the Formicid Hunter began the quest for the Orb.
     0 | D:1      | Reached XP level 1. HP: 16/16 MP: 1/1
    73 | D:1      | Reached skill level 1 in Armour
    73 | D:1      | Reached XP level 2. HP: 22/22 MP: 2/2
   382 | D:1      | Reached XP level 3. HP: 27/27 MP: 3/3
   582 | D:2      | Found a radiant altar of Vehumet.
   659 | D:2      | You fall through a shaft!
   667 | D:3      | Reached XP level 4. HP: 33/33 MP: 4/4
   797 | D:3      | Noticed Ijyb
   827 | D:3      | Killed Ijyb
   971 | D:3      | HP: 2/49 [poisoned by an adder]
   974 | D:3      | Succumbed to an adder's poison

Skill      XL: |  1  2  3  4 |
---------------+-------------+-----
Armour         | 1 2 |  2.5
Stealth        | 2 3 |  3.0
Fighting       | |  2.1
Crossbows      | |  4.6
Dodging        | |  1.7

Action                   |  1- 3 |  4- 6 || total
-------------------------+-------+-------++-------
Melee: Short sword       |    19 |    43 ||    62
 Fire: Hand crossbow     |    60 |       ||    60
  Use: Potion            |       |     5 ||     5
       Scroll            |       |     2 ||     2
 Stab: Sleeping          |       |     1 ||     1
Armor: Leather armour    |     3 |     8 ||    11
       Skin              |       |     5 ||     5
Dodge: Dodged            |    19 |    19 ||    38
Block: Shield            |       |    13 ||    13
